 Dungeon Crawl Stone Soup version 0.27-a0-1334-g2746e35aca (webtiles) character file.

Game seed: 832112027565374438

49 octoduck the Gusty (level 3, 0/19 HPs)
             Began as a Tengu Air Elementalist on June 27, 2021.
             Slain by Sigmund (9 damage)
             ... on level 2 of the Dungeon.
             The game lasted 00:08:43 (2103 turns).

octoduck the Gusty (Tengu Air Elementalist)         Turns: 2103, Time: 00:08:43

Health: 0/19       AC:  2    Str:  8    XL:     3   Next: 75%
Magic:  7/7        EV: 13    Int: 16    God:
Gold:   29         SH:  0    Dex: 20    Spells: 5/6 levels left

rFire    + . .     SeeInvis .   b - +0 short sword
rCold    . . .     Faith    .   (no shield)
rNeg     . . .     Spirit   .   a - +0 robe
rPois    .         Reflect  .   (helmet restricted)
rElec    .         Harm     .   (no cloak)
rCorr    .         Rampage  .   (no gloves)
Will     .....                  (boots unavailable)
Stlth    +.........             j - amulet of magic regeneration
HPRegen  0.06/turn              d - +6 ring of dexterity
MPRegen  0.35/turn              k - ring of protection from fire

@: silenced
A: beak, talons 3
a: no special abilities


You were on level 2 of the Dungeon.
You visited 1 branch of the dungeon, and saw 2 of its levels.

You collected 29 gold pieces.

Inventory:

Hand Weapons
 b - a +0 short sword (weapon)
Armour
 a - a +0 robe (worn)
Magical Staves
 g - a staff of cold
Jewellery
 d - a +6 ring of dexterity (left hand)
 j - an amulet of magic regeneration (around neck)
 k - a ring of protection from fire (right hand)
 l - a +6 ring of strength
Potions
 c - 2 potions of resistance {unknown}
 e - a potion of might {unknown}
 f - a potion of ambrosia {unknown}
 m - a potion of heal wounds


   Skills:
 - Level 2.1 Dodging
 - Level 2.0 Stealth
 - Level 2.0 Spellcasting
 + Level 3.2 Conjurations
 * Level 5.2 Air Magic


You had 5 spell levels left.
You knew the following spells:

 Your Spells              Type           Power      Damage    Failure   Level
a - Shock                 Conj/Air       60%        1d6       3%          1

Your spell library contained the following spells:

 Spells                   Type           Power      Damage    Failure   Level
 Static Discharge         Conj/Air       15%        N/A       5%          2
 Swiftness                Air            18%        N/A       7%          3
 Animate Skeleton         Necr           2%         N/A       21%         1
 Apportation              Tloc           2%         N/A       21%         1
 Corona                   Hex            1%         N/A       21%         1
 Summon Small Mammal      Summ           4%         N/A       21%         1
 Airstrike                Air            9%         N/A       24%         4
 Lightning Bolt           Conj/Air       7%         1d20      69%         5


Dungeon Overview and Level Annotations

Branches:
Dungeon (2/15)

Altars:

Annotations:
D:2 exclusion: orc priest, Robin, Sigmund


Innate Abilities, Weirdness & Mutations

You have a beak for a mouth.
You have claws for feet.


Message History

The goblin is severely wounded.
The goblin barely misses you.
You miss the goblin. You peck the goblin.
You kill the goblin!
Things that are here:
a +0 club; a goblin corpse You start resting.
HP restored.
A goblin comes into view. It is wielding a +0 dagger.
A goblin comes into view. It is wielding a +0 club.
The goblin moves out of view. 5 goblins and a hobgoblin come into view.
A goblin is wielding a +0 dagger of speed.
The goblin shouts!
You hear a shout!
The hobgoblin shouts!
You hear a shout!
The goblin shouts!
You hear a shout!
Robin of the Strong Arm comes into view.
They are wielding a +0 mace.
A hobgoblin comes into view.
Robin throws the goblin at you!
The hobgoblin moves out of view.
The goblin shouts! x2
You hear a shout!
The goblin shouts!
The goblin hits you but does no damage.
Things that are here:
a +0 short sword; 16 stones; a +0 robe You see here a +0 whip.
There is an escape hatch in the floor here.
As you read the scroll labelled GYLEIF BIEMM, it crumbles to dust.
It is a scroll of amnesia.
Really abort (and waste the scroll)?
Okay, then.
The goblin closely misses you.
As you read the scroll labelled KECEQA XOXA, it crumbles to dust.
A profound silence engulfs you.
It was a scroll of silence.
The goblin barely misses you.
The goblin hits you with a +0 dagger of speed.
The goblin closely misses you. The goblin misses you.
Sigmund hits you with a +0 scythe. Sigmund closely misses you.
Sigmund barely misses you.
Sigmund hits you from afar with a +0 scythe!
You die...

############
#..........#
#.########.# #.#
####.### #.#
#......##############
#.#
#.##.....@.ggg......#
#.#
............@g..####.##
#.#
#.#.##..######...gg>g[.#
#.# #.......#
###.####..##### #.#
#...##..# #.# #.......
##.###... #..# #.#
#g.#####
...............######.##
#.)# ##.>........#
.........# #.g#
.....#..# #######..#
#g.####


You could see Sigmund and 6 goblins.

Vanquished Creatures
  A dart slug (D:1)
  2 ball pythons
  3 endoplasms (D:1)
  9 giant cockroaches
  4 goblins
  A hobgoblin (D:1)
  A jackal (D:2)
  2 quokkas
  4 bats (D:1)
  2 frilled lizards (D:1)
  6 kobolds
  3 rats
38 creatures vanquished.

Notes
Turn   | Place    | Note
-------+----------+-------------------------------------------
     0 | D:1      | octoduck the Tengu Air Elementalist began the quest for the
                  | Orb.
     0 | D:1      | Reached XP level 1. HP: 10/10 MP: 4/4
   188 | D:1      | Reached XP level 2. HP: 2/15 MP: 0/6
   876 | D:1      | Found a faded altar of an unknown god.
  1020 | D:1      | Reached XP level 3. HP: 19/19 MP: 5/7
  1337 | D:2      | Reached skill level 5 in Air Magic
  1426 | D:2      | Noticed Sigmund
  2079 | D:2      | Noticed Robin
  2103 | D:2      | Slain by Sigmund

Illustrated notes

Levels and vault maps discovered:
D:1:      lemuel_arrival_river_ford, layout_rooms,
          shapermc_ecumenical_altar_starsandcircs, minmay_lizard_pond
D:2:      minmay_roachtagon, layout_loops_ring, kennysheep_generic_room_2,
          uniq_robin, uniq_sigmund

Skill      XL: |  1  2  3 |
---------------+----------+-----
Conjurations   | 2 3 |  3.2
Air Magic      | 5 |  5.2
Dodging        | |  2.1
Stealth        | |  2.0
Spellcasting   | |  2.0

Action                   || total
-------------------------++-------
Melee: Unarmed           ||    12
       Kick              ||     7
       Peck              ||     3
       Short sword       ||    25
 Cast: Shock             ||    55
  Use: Potion            ||     1
       Scroll            ||     2
 Stab: Sleeping          ||     2
Armor: Robe              ||    31
Dodge: Dodged            ||    89

Table legend: (Time is in decaauts)
 A = Elapsed time spent in this place.
 B = Non-inter-level travel time spent in this place.
 C = Inter-level travel time spent in this place.
 D = Time resting spent in this place.
 E = Time spent auto-exploring this place.
 F = Levels seen in this place.
 G = Mean time per level.
                   A        B        C        D        E       F      G
               +--------+--------+--------+--------+--------+-----+--------+
         Total |   2115 |   2036 |     79 |   1088 |    359 |   2 | 1057.5 |
       Dungeon |   2115 |   2036 |     79 |   1088 |    359 |   2 | 1057.5 |
               +--------+--------+--------+--------+--------+-----+--------+

Top non-repeatable levels by time:
     D:1: 1613 daAuts
     D:2: 502 daAuts
